 Dungeon Sprint DCSS version 0.23.2-1-ga50397a6bc (webtiles) character file.

Game seed: 4146435486620657066

1737 Kobolds4U the Fencer (level 8, -8/124 HPs)
             Began as a Minotaur Berserker on May 10, 2019.
             Was an Elder of Trog.
             Mangled by a demonic crawler (10 damage)
             ... in the Dungeon (Sprint I: "Red Sonja").
             The game lasted 00:03:09 (1036 turns).

Kobolds4U the Fencer (Minotaur Berserker)           Turns: 1036, Time: 00:03:10

Health: -8/124     AC:  2    Str: 27    XL:     8   Next: 76%
Magic:  7/7        EV: 18    Int:  4    God:    Trog [****..]
Gold:   345        SH:  0    Dex: 12    Spells: 7/7 levels left

rFire    . . .     SeeInvis .   a - +0 falchion
rCold    . . .     Gourm    .   (no shield)
rNeg     . . .     Faith    .   b - +0 animal skin
rPois    .         Spirit   .   (helmet restricted)
rElec    .         Reflect  .   (no cloak)
rCorr    .         Harm     .   (no gloves)
MR       ++...     NoTele   +   (no boots)
Stlth    ..........             (no amulet)
HPRegen  1.30/turn              (no ring)
MPRegen  0.10/turn              (no ring)

@: berserking, regenerating, very quick
A: retaliatory headbutt, horns 2
a: Berserk, Trog's Hand, Brothers in Arms, Renounce Religion


You were in the Dungeon.
You worshipped Trog.
Trog was greatly pleased with you.
You were hungry.

You visited 1 branch You collected 405 gold pieces.
You spent 60 gold pieces at shops.

Inventory:

Hand Weapons
 a - a +0 falchion (weapon)
Armour
 b - a +0 animal skin (worn)
Wands
 k - a wand of paralysis (7)
Potions
 d - a potion of curing
 e - a potion of heal wounds
 f - a potion of haste
 g - 2 potions of magic
 h - a potion of berserk rage
Comestibles
 c - a ration


   Skills:
 + Level 12.2 Fighting
 * Level 16.2 Long Blades
 - Level 2.4 Armour
 + Level 10.5 Dodging


You had 7 spell levels left.
You didn't know any spells.
Your spell library was empty.

Dungeon Overview and Level Annotations

Branches:
Dungeon (1/1)

Altars:
Cheibriados
Dithmenos
Elyvilon
Fedhas
Gozag
Hepliaklqana
Kikubaaqudgha
Makhleb
Nemelex Xobeh
Okawaru
Qazlal
Ru
Sif Muna
Trog
Uskayaw
Vehumet
Wu Jian
Xom
Yredelemnul
Zin
The Shining One
Jiyva
Lugonu

Shops:
D %


Innate Abilities, Weirdness & Mutations

You reflexively headbutt those who attack you in melee.
You have a pair of horns on your head.


Message History

A red film seems to cover your vision as you go berserk!
You feel yourself moving faster!
You feel mighty!
You are feeling hungry.
The demonic crawler hits you.
* * * LOW HITPOINT WARNING * * *
The demonic crawler closely misses you. x2
Your two-headed ogre hits the demonic crawler with a +0 giant spiked club!!
Your two-headed ogre hits the demonic crawler with a +0 giant club!
The demonic crawler misses you. You furiously retaliate!
You headbutt the demonic crawler. The demonic crawler closely misses you.
The demonic crawler completely misses you.
The demonic crawler hits your two-headed ogre. x3
You barely miss the demonic crawler.
The demonic crawler is moderately wounded.
You hit the demonic crawler. You headbutt the demonic crawler!
The demonic crawler is heavily wounded.
Your two-headed ogre closely misses the demonic crawler.
Your two-headed ogre barely misses the demonic crawler.
The demonic crawler barely misses you. The demonic crawler hits you!
You die...

#####################
.').#..'..#__#..@s).#
.#..').#..'..'..#sO.##+#
###'#####'#__####...'..#
##..#...#[#### #####..+
_####..##(# ##
____##'#_.+ .∩...'..._#
..__##_.#'# ____###+#.#


You could see 2 demonic crawlers and a friendly two-headed ogre (berserk).

Vanquished Creatures
  2 kobold demonologists (D)
  2 demonic crawlers (D)
  A slime creature (D)
  Sigmund (D)
  A yak (D)
  A floating eye (D)
  An ogre (D)
  A jelly (D)
  Ijyb (D)
11 creatures vanquished.

Notes
Turn   | Place    | Note
-------+----------+-------------------------------------------
     0 | D        | Kobolds4U the Minotaur Berserker began the quest for the
                  | Orb.
     0 | D        | Reached XP level 1. HP: 19/19 MP: 0/0
     1 | D        | Noticed Ijyb
     6 | D        | Killed Ijyb
     6 | D        | Reached skill level 5 in Fighting
     6 | D        | Reached skill level 6 in Long Blades
     6 | D        | Reached XP level 2. HP: 28/29 MP: 1/1
    17 | D        | Noticed an ogre
    21 | D        | Killed an ogre
    21 | D        | Reached skill level 9 in Long Blades
    21 | D        | Reached XP level 3. HP: 31/39 MP: 2/2
    21 | D        | Reached XP level 4. HP: 38/47 MP: 3/3
   148 | D        | Noticed Sigmund
   174 | D        | Killed Sigmund
   174 | D        | Reached ** piety under Trog
   174 | D        | Reached skill level 11 in Long Blades
   174 | D        | Reached XP level 5. HP: 26/56 MP: 4/4
   174 | D        | Reached XP level 6. HP: 29/62 MP: 5/5
   348 | D        | Found an ornate altar of the Wu Jian Council.
   348 | D        | Found a deep blue altar of Sif Muna.
   350 | D        | Found a radiant altar of Vehumet.
   378 | D        | Found Iquit's Food Emporium.
   378 | D        | Found an ancient bone altar of Kikubaaqudgha.
   378 | D        | Found a hazy altar of Hepliaklqana.
   378 | D        | Found a hide-covered altar of Uskayaw.
   378 | D        | Found a basalt altar of Yredelemnul.
   378 | D        | Found an opulent altar of Gozag.
   378 | D        | Found a snail-covered altar of Cheibriados.
   378 | D        | Found a sacrificial altar of Ru.
   378 | D        | Found a shadowy altar of Dithmenos.
   378 | D        | Noticed a yak
   386 | D        | Killed a yak
   386 | D        | Reached skill level 12 in Long Blades
   387 | D        | Found a stormy altar of Qazlal.
   387 | D        | Found a blossoming altar of Fedhas.
   387 | D        | Found a bloodstained altar of Trog.
   387 | D        | Found an iron altar of Okawaru.
   387 | D        | Found a glowing golden altar of the Shining One.
   387 | D        | Found a glowing silver altar of Zin.
   387 | D        | Found a white marble altar of Elyvilon.
   390 | D        | Found a sparkling altar of Nemelex Xobeh.
   432 | D        | Found a viscous altar of Jiyva.
   432 | D        | Found a corrupted altar of Lugonu.
   432 | D        | Noticed a slime creature
   433 | D        | Found a burning altar of Makhleb.
   433 | D        | Found a shimmering altar of Xom.
   439 | D        | Killed a slime creature
   439 | D        | Reached *** piety under Trog
   439 | D        | Reached skill level 10 in Fighting
   439 | D        | Reached skill level 13 in Long Blades
   439 | D        | Reached XP level 7. HP: 72/72 MP: 6/6
   451 | D        | Noticed a kobold demonologist
   452 | D        | Noticed a kobold demonologist
   453 | D        | Paralysed by a floating eye for 4 turns
   459 | D        | Noticed a ynoxinul
   463 | D        | Noticed a soul eater
   469 | D        | Killed a kobold demonologist
   469 | D        | Reached skill level 14 in Long Blades
   472 | D        | Killed a kobold demonologist
   472 | D        | Reached **** piety under Trog
   472 | D        | Reached skill level 15 in Long Blades
   472 | D        | Reached XP level 8. HP: 65/82 MP: 7/7
   632 | D        | Noticed a demonic crawler
   632 | D        | Noticed a demonic crawler
   632 | D        | Noticed a demonic crawler
   632 | D        | Noticed a demonic crawler
   639 | D        | Killed a demonic crawler
   639 | D        | Reached skill level 10 in Dodging
   645 | D        | Killed a demonic crawler
   645 | D        | Reached skill level 16 in Long Blades
   654 | D        | HP: 1/83 [demonic crawler (5)]
  1009 | D        | Bought a ration for 60 gold pieces
  1033 | D        | HP: 4/83 [demonic crawler (5)]
  1034 | D        | HP: 1/124 [demonic crawler (6)]
  1036 | D        | Mangled by a demonic crawler

Skill      XL: |  1  2  3  4  5  6  7  8 |
---------------+-------------------------+-----
Fighting       | 5 7 8 10 11 12 | 12.2
Long Blades    | 6 9 11 13 15 16 | 16.2
Dodging        | 4 6 8 9 10 | 10.5
Armour         | |  2.4

Action                   |  1- 3 |  4- 6 |  7- 9 || total
-------------------------+-------+-------+-------++-------
Melee: Falchion          |     6 |    40 |    35 ||    81
       Headbutt          |     1 |     5 |    12 ||    18
Invok: Berserk           |     1 |       |     3 ||     4
       Trog's Hand       |       |       |     1 ||     1
       Brothers in Arms  |       |       |     1 ||     1
  Use: Scroll            |       |       |     1 ||     1
 Stab: Sleeping          |       |     1 |       ||     1
  Eat: Ration            |       |       |     1 ||     1
       Chunk             |       |       |     1 ||     1
Armor: Animal skin       |       |     2 |     7 ||     9
Dodge: Dodged            |     3 |    16 |    54 ||    73
       Rpst.: Falchion   |     1 |     6 |     4 ||    11
